 Dungeon Crawl Stone Soup version 0.27-a0-1434-g6f15984924 (console) character file.

Game seed: 18355789533939328969

13363 jejorda2 the Impaler (level 12, -2/88 HPs)
             Began as a Merfolk Berserker on July 3, 2021.
             Was an Elder of Trog.
             Slain by Erolcha (21 damage)
             ... on level 11 of the Dungeon.
             The game lasted 00:28:08 (14234 turns).

jejorda2 the Impaler (Merfolk Berserker)           Turns: 14234, Time: 00:28:09

Health: -2/88      AC: 17    Str: 21    XL:     12   Next: 5%
Magic:  12/12      EV: 13    Int:  7    God:    Trog [****..]
Gold:   608        SH:  5    Dex: 14    Spells: 11/11 levels left

rFire    . . .     SeeInvis .   a - +0 glaive
rCold    + . .     Faith    .   (shield currently unavailable)
rNeg     . . .     Spirit   .   A - +0 ring mail {rPois}
rPois    +         Reflect  +   j - +2 helmet
rElec    .         Harm     .   c - +2 cloak
rCorr    +         Rampage  +   i - +0 pair of gloves
Will     .....                  x - +2 pair of boots {rampage}
Stlth    +.........             d - amulet of reflection
HPRegen  0.24/turn              h - ring of protection from cold
MPRegen  0.13/turn              E - ring of resist corrosion

@: no status effects
A: (nimble swimmer 2), mertail
a: Renounce Religion, Berserk, Trog's Hand, Brothers in Arms


You were on level 11 of the Dungeon.
You worshipped Trog.
Trog was greatly pleased with you.
You visited 1 branch of the dungeon, and saw 11 of its levels.
You also visited: Bailey.

You collected 608 gold pieces.

Inventory:

Hand Weapons
 a - a +0 glaive (weapon)
 J - a +0 trident
 O - a +0 glaive
Missiles
 e - 7 boomerangs
 l - 3 javelins
 y - 6 silver javelins
 z - 3 atropa-tipped darts
 D - 11 poisoned darts (quivered)
 H - 4 throwing nets
 L - 5 silver boomerangs
Armour
 c - a +2 cloak (worn)
 i - a +0 pair of gloves (worn)
 j - a +2 helmet (worn)
 w - a +3 leather armour of fire resistance
 x - a +2 pair of boots of rampaging (worn)
 A - a +0 ring mail of poison resistance (worn)
 G - a +0 plate armour
Jewellery
 d - an amulet of reflection (around neck)
 h - a ring of protection from cold (left hand)
 E - a ring of resist corrosion (right hand)
Wands
 o - a wand of paralysis (6)
 s - a wand of flame (36)
 v - a wand of digging (5)
 B - a wand of mindburst (9)
 K - a wand of polymorph (11)
Scrolls
 b - 3 scrolls of teleportation
 f - 3 scrolls of enchant armour
 m - a scroll of blinking
 n - 2 scrolls of enchant weapon
 C - a scroll of fear
Potions
 g - 7 potions of curing
 k - 3 potions of heal wounds
 p - 2 potions of resistance
 q - 2 potions of mutation
 r - a potion of haste
 t - a potion of attraction
 u - a potion of cancellation
 F - a potion of berserk rage
 I - a potion of might {unknown}


   Skills:
 - Level 6.0 Fighting
 * Level 18.7 Polearms
 - Level 6.0 Throwing
 - Level 6.0 Armour
 - Level 6.0 Dodging
 + Level 5.5 Evocations


You had 11 spell levels left.
You didn't know any spells.
Your spell library was empty.

Dungeon Overview and Level Annotations

Branches:
Dungeon (11/15)            Temple (0/1) D:5            Lair (0/6) D:11
    Orc (0/2) D:10         Bailey (visited)

Altars:
Cheibriados
Dithmenos
Fedhas
Gozag
Hepliaklqana
Makhleb
Okawaru
Ru
Trog
Yredelemnul
The Shining One
Beogh

Annotations:
D:11 Erolcha


Innate Abilities, Weirdness & Mutations

((You are quick and stealthy near water. (Stealth+, EV+, Speed+++)))
Your lower body shifts to a powerful aquatic tail in water.


Message History

You slice something!!
You hear some strange, mumbled words.
You hear some strange, mumbled words.
There is a strange disturbance nearby!
You hear some strange, mumbled words.
A fireball appears from out of thin air!
The fireball explodes!
The fireball engulfs you but does no damage.
You hear some strange, mumbled words.
You hit something.
You hear some strange, mumbled words.
Something hits you! Something hits you!
You feel the effects of Trog's Hand fading.
Something hits you!
You slash something!
Your skin stops crawling.
You feel less strong-willed. Something hits you but does no damage.
You slash something! You barely miss something.
You hear some strange, mumbled words.
You hear some strange, mumbled words.
Something tries to affect you, but you resist.
You hear some strange, mumbled words.
A fireball appears from out of thin air!
The fireball explodes!
The fireball engulfs you! Something hits you!
You closely miss something.
You hear some strange, mumbled words.
Something hits you!
Erolcha appears from thin air!
Reactivating autopickup.
Erolcha screams, "Erolcha crush your head!"
Erolcha mumbles some strange words.
Erolcha flickers and vanishes!
Deactivating autopickup; reactivate with Ctrl-A.
Something hits you!
* * * LOW HITPOINT WARNING * * *
Something hits you!!
You die...

#.# #..# ... #.# #..#
.... #$# #..##...# #.#
#..##...# #†# #..##...#
# #.# #..##...# #..
#.###..(....#
#...####.....{.....#
#........##...@....#
#........##...[....#
..........
#...####.##........#
.......... #..
#.##........# ..........
#.##........# ..........
#.##........# ..........
#.##........# ..........
#.##........##..........
......#
#.......................


There were no monsters in sight!

Vanquished Creatures
  A boulder beetle (D:11)
  Harold (D:10)
  3 two-headed ogres
  A deep elf zephyrmancer (D:7)
  A deep elf pyromancer (D:8)
  Maurice (D:9)
  A gargoyle (D:11)
  A troll (D:9)
  A hornet (D:9)
  9 yaks
  Eustachio (D:4)
  A steam dragon (D:8)
  The ghost of vexzain the Skirmisher, an amateur GrFi (D:4)
  An acid dragon (D:9)
  2 water moccasins
  20 orc warriors
  Duvessa (D:6)
  2 black bears
  An ice beast (D:7)
  2 necrophages
  3 ogres
  3 centaurs
  Blork the orc (D:5)
  4 scorpions
  2 bullfrogs
  A wyvern skeleton (D:7)
  A water moccasin skeleton (D:5)
  Dowan (D:6)
  18 killer bees
  4 wights (D:7)
  3 howler monkeys
  A bullfrog zombie (D:6)
  4 hounds
  2 centaur zombies
  8 orc priests
  Crazy Yiuf (D:5)
  A gnoll shaman (D:9)
  4 iguanas
  3 jellies
  3 centaur skeletons
  Ijyb (D:4)
  7 orc wizards
  6 gnolls
  4 adders
  A shadow imp (D:7)
  3 white imps
  An adder skeleton (D:4)
  2 worms
  A dart slug (D:2)
  53 orcs
  8 ball pythons
  2 endoplasms
  3 giant cockroaches
  7 goblins
  4 hobgoblins
  4 quokkas
  4 bats
  2 frilled lizards
  A jackal skeleton (D:4)
  8 kobolds
  9 rats
  A spectral hobgoblin (D:4)
252 creatures vanquished.

Vanquished Creatures (collateral kills)
  An orc knight (Bailey)
  An orc warrior (Bailey)
  2 orcs (D:9)
4 creatures vanquished.

Grand Total: 256 creatures vanquished

Notes
Turn   | Place    | Note
-------+----------+-------------------------------------------
     0 | D:1      | jejorda2 the Merfolk Berserker began the quest for the Orb.
     0 | D:1      | Reached XP level 1. HP: 18/18 MP: 1/1
   165 | D:1      | Found a faded altar of an unknown god.
   331 | D:1      | Reached XP level 2. HP: 24/24 MP: 2/2
   554 | D:1      | Reached skill level 5 in Polearms
  1163 | D:2      | Reached XP level 3. HP: 25/29 MP: 3/3
  1289 | D:2      | Reached ** piety under Trog
  1885 | D:3      | Noticed a centaur
  1889 | D:3      | Killed a centaur
  1890 | D:3      | Reached skill level 6 in Polearms
  1890 | D:3      | Reached XP level 4. HP: 37/37 MP: 4/4
  1890 | D:3      | Reached XP level 5. HP: 42/42 MP: 5/5
  2423 | D:4      | Noticed Eustachio
  2447 | D:4      | Killed Eustachio
  2448 | D:4      | Reached skill level 7 in Polearms
  2448 | D:4      | Reached XP level 6. HP: 49/49 MP: 6/6
  2497 | D:4      | Noticed Ijyb
  2521 | D:4      | Killed Ijyb
  2653 | D:4      | Reached skill level 5 in Fighting
  2653 | D:4      | Reached skill level 8 in Polearms
  2712 | D:4      | Reached XP level 7. HP: 52/56 MP: 7/7
  2783 | D:4      | Found an opulent altar of Gozag.
  2935 | D:4      | Found a runed translucent door.
  2935 | D:4      | Noticed vexzain's ghost (amateur GrFi)
  3373 | D:4      | Found a hazy altar of Hepliaklqana.
  3473 | D:4      | Killed vexzain's ghost
  3474 | D:4      | Reached skill level 9 in Polearms
  3540 | D:5      | Entered Level 5 of the Dungeon
  3807 | D:5      | Reached XP level 8. HP: 64/64 MP: 8/8
  3934 | D:5      | Found a runed translucent door.
  3937 | D:5      | Noticed Crazy Yiuf
  3948 | D:5      | Killed Crazy Yiuf
  3949 | D:5      | Reached skill level 10 in Polearms
  4250 | D:5      | Found a staircase to the Ecumenical Temple.
  4578 | D:5      | Noticed Blork the orc
  4594 | D:5      | Killed Blork the orc
  4594 | D:5      | Reached *** piety under Trog
  4595 | D:5      | Reached skill level 11 in Polearms
  4853 | D:5      | Found a sacrificial altar of Ru.
  5148 | D:6      | Found a blossoming altar of Fedhas.
  5298 | D:6      | Noticed Dowan
  5323 | D:6      | Noticed Duvessa
  5324 | D:6      | Killed Dowan
  5325 | D:6      | Reached skill level 12 in Polearms
  5338 | D:6      | Killed Duvessa
  5339 | D:6      | Reached XP level 9. HP: 69/69 MP: 9/9
  5920 | D:7      | Reached skill level 5 in Armour
  5957 | D:7      | Reached skill level 13 in Polearms
  6641 | D:7      | Noticed a deep elf zephyrmancer
  6652 | D:7      | Killed a deep elf zephyrmancer
  6653 | D:7      | Reached skill level 14 in Polearms
  7249 | D:8      | Noticed a deep elf pyromancer
  7276 | D:8      | Killed a deep elf pyromancer
  7277 | D:8      | Reached skill level 15 in Polearms
  7277 | D:8      | Reached XP level 10. HP: 76/76 MP: 10/10
  7773 | D:8      | Found a snail-covered altar of Cheibriados.
  7801 | D:8      | Found a glowing golden altar of the Shining One.
  7819 | D:8      | Reached skill level 1 in Throwing
  7888 | D:8      | Reached **** piety under Trog
  7892 | D:8      | Noticed a two-headed ogre
  7934 | D:8      | Killed a two-headed ogre
  7935 | D:8      | Reached skill level 16 in Polearms
  7950 | D:8      | Reached skill level 5 in Dodging
  8188 | D:8      | Found a basalt altar of Yredelemnul.
  8188 | D:8      | Found a burning altar of Makhleb.
  9141 | D:9      | Noticed Maurice
  9252 | D:9      | Killed Maurice
  9253 | D:9      | Reached skill level 1 in Evocations
  9253 | D:9      | Reached XP level 11. HP: 79/81 MP: 11/11
  9271 | D:9      | Found a shadowy altar of Dithmenos.
  9636 | D:9      | Found a bloodstained altar of Trog.
  9855 | D:10     | Entered Level 10 of the Dungeon
  9855 | D:10     | Found an iron altar of Okawaru.
  9889 | D:10     | Noticed a two-headed ogre
  9896 | D:10     | Killed a two-headed ogre
  9897 | D:10     | Reached skill level 17 in Polearms
 10004 | D:10     | Found a flagged portal.
 10065 | Bailey   | Entered a bailey
 10081 | Bailey   | Reached skill level 5 in Throwing
 11433 | Bailey   | Noticed an orc knight
 11441 | Bailey   | Killed an orc knight
 12058 | D:10     | Noticed Harold
 12496 | D:10     | Killed Harold
 12758 | D:10     | Found a staircase to the Orcish Mines.
 13111 | D:10     | Reached skill level 18 in Polearms
 13257 | D:11     | Found a staircase to the Lair.
 13257 | D:11     | Noticed a boulder beetle
 13272 | D:11     | Killed a boulder beetle
 13273 | D:11     | Reached skill level 5 in Evocations
 13462 | D:11     | Noticed Erolcha
 13697 | D:11     | Noticed a two-headed ogre
 13707 | D:11     | Killed a two-headed ogre
 13708 | D:11     | Reached XP level 12. HP: 26/88 MP: 12/12
 14234 | D:11     | Slain by Erolcha

Illustrated notes

Levels and vault maps discovered:
D:1:      amcnicky_arrival_gap_in_the_tavern_cellar, layout_basic,
          chequers_ecumenical_altar_simple_redux
D:2:      layout_loops_ring
D:3:      layout_rooms
D:4:      layout_basic, nicolae_hepliaklqana_monster_ancestors,
          nicolae_gozag_cash_rules_everything_around_me,
          hellmonk_ghost_happy_afterlife, corexii_leaking_fountain, st_stairs_3,
          uniq_eustachio, uniq_ijyb
D:5:      black_bear_nest_2, layout_gridville, nicolae_ru_path_of_blood,
          minmay_temple_entry_glass, uniq_crazy_yiuf_cottage, uniq_blork_the_orc
D:6:      layout_basic, lemuel_doored_altar, uniq_duvessa
D:7:      layout_basic, guppyfry_early_elven_hall
D:8:      layout_cave_pools, slow_altar_1, lemuel_crystal_altar,
          amethyst_overflow_temple_binary
D:9:      layout_irregular_city, trog_butcher_becter,
          nicolae_dithmenos_the_darkroom, uniq_maurice
D:10:     layout_roguey, lemuel_crystal_altar, david_orc_5, enter_bailey_2,
          uniq_harold
D:11:     layout_long_grid, lair_entry_dummy, uniq_erolcha

Skill      XL: |  1  2  3  4  5  6  7  8  9 10 11 |
---------------+----------------------------------+-----
Polearms       | 5 6 7 8 9 12 15 16 18 | 18.7
Fighting       | 4 5 6 |  6.0
Armour         | 2 3 4 6 |  6.0
Dodging        | 6 |  6.0
Throwing       | 4 6 |  6.0
Evocations     | 1 5 |  5.5

Action                   |  1- 3 |  4- 6 |  7- 9 | 10-12 || total
-------------------------+-------+-------+-------+-------++-------
Melee: Spear             |   115 |   139 |   461 |   146 ||   861
       Halberd           |       |       |       |   226 ||   226
       Glaive            |       |       |       |   256 ||   256
       Tailslap          |       |       |       |     4 ||     4
Throw: Javelin           |       |     2 |       |       ||     2
       Dart              |       |       |       |    10 ||    10
Invok: Berserk           |     1 |     3 |     8 |     9 ||    21
       Trog's Hand       |       |     1 |     1 |     6 ||     8
       Brothers in Arms  |       |       |       |     4 ||     4
Evoke: Wand              |       |       |       |     6 ||     6
  Use: Scroll            |       |       |    16 |     5 ||    21
       Potion            |       |       |       |     1 ||     1
 Stab: Sleeping          |     3 |       |     1 |       ||     4
       Paralysed         |       |       |       |     6 ||     6
       Distracted        |       |       |       |     1 ||     1
Armor: Animal skin       |    25 |       |       |       ||    25
       Ring mail         |     2 |     2 |    32 |   168 ||   204
       Scale mail        |       |    28 |       |       ||    28
       Leather armour    |       |    19 |    85 |       ||   104
       Plate armour      |       |       |       |    37 ||    37
Dodge: Dodged            |    50 |    55 |   141 |   279 ||   525
Block: Other             |       |       |    23 |   117 ||   140
       Reflection        |       |       |     1 |    10 ||    11

Table legend: (Time is in decaauts)
 A = Elapsed time spent in this place.
 B = Non-inter-level travel time spent in this place.
 C = Inter-level travel time spent in this place.
 D = Time resting spent in this place.
 E = Time spent auto-exploring this place.
 F = Levels seen in this place.
 G = Mean time per level.
                   A        B        C        D        E       F      G
               +--------+--------+--------+--------+--------+-----+--------+
         Total |  13956 |  13706 |    250 |   1557 |   9967 |  12 | 1163.0 |
       Dungeon |  12443 |  12193 |    250 |    961 |   9290 |  11 | 1131.2 |
        Bailey |   1513 |   1513 |      0 |    596 |    677 |   1 | 1513.0 |
               +--------+--------+--------+--------+--------+-----+--------+

Top non-repeatable levels by time:
     D:9: 1786 daAuts
  Bailey: 1513 daAuts
    D:10: 1488 daAuts
     D:5: 1355 daAuts
     D:8: 1265 daAuts
     D:1: 1135 daAuts
     D:7: 1128 daAuts
     D:4: 1069 daAuts
    D:11: 960 daAuts
     D:6: 927 daAuts
     D:2: 793 daAuts
     D:3: 531 daAuts
